 Dungeon Sprint DCSS version 0.30-a0-459-g9104f0fc43 (webtiles) character file.

Game seed: 14749806599491835452

247 rocky1 the Cleaver (level 6, -3/59 HPs)
             Began as an Ogre Gladiator on Dec 16, 2022.
             Was an Initiate of Gozag.
             Slain by a gnoll sergeant
             ... wielding a +0 trident
              (15 damage)
             ... in the Dungeon (Sprint VII: "The Pits").
             The game lasted 00:01:09 (426 turns).

rocky1 the Cleaver (Ogre Gladiator)                  Turns: 426, Time: 00:01:10

Health: -3/59      AC:  3    Str: 21    XL:     6   Next: 11%
Magic:  6/6        EV: 10    Int:  9    God:    Gozag
Gold:   252        SH:  0    Dex: 10    Spells: 5/5 levels left

rFire   . . .      SeeInvis .    a - +0 war axe
rCold   . . .      Faith    .    (no shield)
rNeg    . . .      Spirit   .    b - +0 robe
rPois   .          Reflect  .    c - +0 hat
rElec   .          Harm     .    (no cloak)
rCorr   .          Rampage  .    (gloves unavailable)
Will    .....      NoTele   +    (boots unavailable)
Stlth   +.........               (no amulet)
HPRegen 0.29/turn                (no ring)
MPRegen 0.10/turn                (no ring)

@: on berserk cooldown, slowed, invisible, very slow
A: large, unfitting armour, tough skin 1
a: Renounce Religion, Potion Petition, Call Merchant, Bribe Branch


You were in the Dungeon.
You worshipped Gozag.
Gozag was aware of your devotion.
You visited 1 branch You collected 252 gold pieces.

Inventory:

Hand Weapons
 a - a +0 war axe (weapon)
Missiles
 d - 3 throwing nets (quivered)
 e - a large rock
Armour
 b - a +0 robe (worn)
 c - a +0 hat (worn)
Scrolls
 k - a scroll of blinking
 m - 5 scrolls of amnesia
 n - a scroll of butterflies
Potions
 h - a potion of haste
 i - 4 potions of magic
 j - 2 potions of berserk rage
 l - a potion of invisibility


   Skills:
 - Level 2.6 Fighting
 + Level 12.4 Axes
 - Level 2.0 Throwing
 - Level 2.6 Dodging


You had 5 spell levels left.
You didn't know any spells.
Your spell library was empty.

Dungeon Overview and Level Annotations

Branches:
Dungeon (1/1)

Altars:
Ashenzari
Cheibriados
Dithmenos
Elyvilon
Fedhas
Gozag
Hepliaklqana
Kikubaaqudgha
Makhleb
Nemelex Xobeh
Okawaru
Qazlal
Ru
Sif Muna
Trog
Uskayaw
Vehumet
Wu Jian
Xom
Yredelemnul
Zin
The Shining One
Jiyva
Lugonu


Innate Abilities, Weirdness & Mutations

You are too large for most types of armour.
You have tough skin. (AC +1)


Message History

You have reached level 6!
You feel stronger.
You slice the jackal!!
You kill the jackal!
You slash the gnoll!
The gnoll is severely wounded.
You closely miss the gnoll.
The gnoll is severely wounded.
The gnoll is distracted by your dazzling golden aura.
You catch the helpless gnoll completely off-guard!
You slash the gnoll!
You kill the gnoll!
Things that are here:
162 gold pieces; a +0 club; a +3 whip You barely miss the gnoll.
The gnoll hits you with a +0 whip.
You slash the gnoll!
You kill the gnoll!
You are no longer berserk.
You are exhausted.
You feel yourself slow down.
The gnoll sergeant is distracted by your dazzling golden aura.
There is an open door here.
Things that are here:
45 gold pieces; a +0 whip You barely miss the gnoll sergeant.
The gnoll sergeant is no longer distracted by gold.
The gnoll sergeant shouts!
The gnoll sergeant hits you with a +0 trident!
You slash the gnoll sergeant! Your punch misses the gnoll sergeant.
The gnoll sergeant is moderately wounded.
The gnoll sergeant hits you with a +0 trident! x2
* * * LOW HITPOINT WARNING * * *
You feel better.
The gnoll sergeant hits you with a +0 trident.
* * * LOW HITPOINT WARNING * * *
You fade into invisibility!
The gnoll sergeant barely misses you.
The gnoll sergeant hits you with a +0 trident!
You die...
Your body crumbles into a pile of gold.

#.?(.')))'.##......#..#.
##########.##...........
#...........'...........
#+#####)#####......#..#.
#. #...'.##...........
#..#...#.#####'#####++
#..#####.##.......#
#..'.$g#$##.......#
#..'.$.@.##.......#
#..########...<...# #.
#.......# # #.......#
#.......# #########


You could see a gnoll sergeant (unable to see you).

Vanquished Creatures
  2 floating eyes (D)
  4 gnolls (D)
  3 jackals (D)
  3 frilled lizards (D)
  A kobold (D)
  A rat (D)
14 creatures vanquished.

Notes
Turn   | Place    | Note
-------+----------+-------------------------------------------
     0 | D        | rocky1 the Ogre Gladiator began the quest for the Orb.
     0 | D        | Reached XP level 1. HP: 22/22 MP: 1/1
    11 | D        | Noticed a floating eye
    14 | D        | Killed a floating eye
    15 | D        | Reached skill level 9 in Axes
    15 | D        | Reached XP level 2. HP: 29/29 MP: 2/2
    15 | D        | Reached XP level 3. HP: 36/36 MP: 3/3
    15 | D        | Reached XP level 4. HP: 44/44 MP: 4/4
   119 | D        | Found a bloodstained altar of Trog.
   119 | D        | Found a shimmering blue altar of Sif Muna.
   119 | D        | Found a viscous altar of Jiyva.
   119 | D        | Found a hazy altar of Hepliaklqana.
   119 | D        | Found an opulent altar of Gozag.
   120 | D        | Found a glowing golden altar of the Shining One.
   120 | D        | Found a glowing silver altar of Zin.
   120 | D        | Found a basalt altar of Yredelemnul.
   120 | D        | Found a shimmering altar of Xom.
   120 | D        | Found an ornate altar of the Wu Jian Council.
   120 | D        | Found a sacrificial altar of Ru.
   120 | D        | Found a stormy altar of Qazlal.
   120 | D        | Found an iron altar of Okawaru.
   120 | D        | Found a sparkling altar of Nemelex Xobeh.
   120 | D        | Found a burning altar of Makhleb.
   120 | D        | Found a blossoming altar of Fedhas.
   120 | D        | Found a white marble altar of Elyvilon.
   120 | D        | Found a shadowy altar of Dithmenos.
   120 | D        | Found a snail-covered altar of Cheibriados.
   123 | D        | Found a corrupted altar of Lugonu.
   123 | D        | Found a radiant altar of Vehumet.
   124 | D        | Found an ancient bone altar of Kikubaaqudgha.
   124 | D        | Found a hide-covered altar of Uskayaw.
   124 | D        | Found a broken altar of Ashenzari.
   135 | D        | Became a worshipper of Gozag Ym Sagoz the Greedy
   167 | D        | Noticed a floating eye
   172 | D        | Killed a floating eye
   173 | D        | Reached skill level 11 in Axes
   173 | D        | Reached XP level 5. HP: 50/50 MP: 5/5
   407 | D        | Reached skill level 12 in Axes
   414 | D        | Reached XP level 6. HP: 59/59 MP: 6/6
   426 | D        | Slain by a gnoll sergeant

Illustrated notes

Levels and vault maps discovered:
D:        pitsprint [storerooms_1, entrance_room_1, metal_vault_1, armoury_1,
          mini_pit_1, grid_room_1, main_hall_1, silver_pit, the_coven_3,
          the_vestibule_1, steel_vault_1, golden_pit, hallway_of_sentries,
          crystal_vault_3, iron_vault_2, final_vault]

Skill      XL: |  1  2  3  4  5 |
---------------+----------------+-----
Axes           | 9 11 12 | 12.4
Fighting       | |  2.6
Throwing       | |  2.0
Dodging        | |  2.6

Action                   |  1- 3 |  4- 6 || total
-------------------------+-------+-------++-------
Melee: War axe           |     2 |    29 ||    31
  Use: Potion            |       |     4 ||     4
 Stab: Distracted        |       |     1 ||     1
Armor: Robe              |       |     5 ||     5
Dodge: Dodged            |       |    10 ||    10

Table legend: (Time is in decaauts)
 A = Elapsed time spent in this place.
 B = Non-inter-level travel time spent in this place.
 C = Inter-level travel time spent in this place.
 D = Time resting spent in this place.
 E = Time spent auto-exploring this place.
 F = Levels seen in this place.
 G = Mean time per level.
                   A        B        C        D        E       F      G
               +--------+--------+--------+--------+--------+-----+--------+
         Total |    422 |    422 |      0 |    300 |      0 |   1 |  422.0 |
       Dungeon |    422 |    422 |      0 |    300 |      0 |   1 |  422.0 |
               +--------+--------+--------+--------+--------+-----+--------+

Top non-repeatable levels by time:
       D: 422 daAuts
